 Dungeon Sprint DCSS version 0.20-b1-24-gb21faa7 (webtiles) character file.

9284 potatolord6000 the Fighter (level 11, -2/99 HPs)
             Began as a Demonspawn Gladiator on May 25, 2017.
             Was an Initiate of Gozag.
             Killed by divine providence
             ... invoked by an orc high priest
              (9 damage)
             ... in the Dungeon (Sprint IX: "|||||||||||||||||||||||||||||").
             The game lasted 00:07:12 (2169 turns).

potatolord6000 the Fighter (Demonspawn Gladiator)   Turns: 2169, Time: 00:07:12

Health: -2/99      AC: 27    Str: 21    XL:     11   Next: 21%
Magic:  11/11      EV: 18    Int:  9    God:    Gozag
Gold:   792        SH:  0    Dex:  8    Spells: 10/10 levels left

rFire    + + +     SeeInvis .   s - +11 long sword "Tydantetut" {flame, rElec rF+}
rCold    . . .     Gourm    .   (no shield)
rNeg     + + .     Faith    .   o - +5 ring mail
rPois    .         Spirit   .   a - +1 helmet "Hipias" {rF++ MR+ Dex-4 Slay+2}
rElec    +         Reflect  .   n - +0 cloak
rCorr    .         Harm     .   f - +2 pair of gloves of Qazlal {-Tele rN++}
MR       +....     NoTele   +   m - +1 pair of boots
Stlth    ++........             (no amulet)
Regen    0.3/turn               p - +2 ring of protection
MPRegen  0.2/turn               b - +2 ring of evasion

@: gold aura
A: talons 2, molten scales 1, clumsy 1, nightstalker 2, strong 1
a: Potion Petition, Call Merchant, Bribe Branch, Renounce Religion


You were in the Dungeon.
You worshipped Gozag.
Gozag was pleased with you.
You were full.

You visited 1 branch You collected 5654 gold pieces.
You spent 1070 gold pieces at shops.
You paid 3792 gold pieces to Gozag.

Inventory:

Hand Weapons
 s - the +11 long sword "Tydantetut" (weapon) {flame, rElec rF+}
   (You bought it in a shop in the Dungeon)

   It has been specially enchanted to burn those struck by it, causing extra
   injury to most foes and up to half again as much damage against particularly
   susceptible opponents.
   Big, fiery blades are also staple armaments of hydra-hunters.
   It protects you from fire.
   It insulates you from electricity.
Armour
 a - the +1 helmet "Hipias" (worn) {rF++ MR+ Dex-4 Slay+2}
   (You bought it in a shop in the Dungeon)

   It affects your dexterity (-4).
   It affects your accuracy and damage with ranged weapons and melee attacks
   (+2).
   It greatly protects you from fire.
   It affects your resistance to hostile enchantments.
 f - the +2 pair of gloves of Qazlal (worn) {-Tele rN++}
   (You bought it in a shop in the Dungeon)

   It greatly protects you from negative energy.
   It prevents most forms of teleportation.
 m - a +1 pair of boots (worn)
 n - a +0 cloak (worn)
 o - a +5 ring mail (worn)
Jewellery
 b - a +2 ring of evasion (right hand)
 p - a +2 ring of protection (left hand)
Scrolls
 h - 2 scrolls of remove curse
 k - 2 scrolls of blinking
 l - 2 scrolls of amnesia
 t - a scroll of fog
Potions
 i - 4 potions of magic
 q - a potion of brilliance
Comestibles
 c - 40 fruits
 d - 12 bread rations
 g - 11 meat rations


   Skills:
 + Level 13.7 Fighting
 + Level 12.9 Long Blades
 - Level 1.7 Throwing
 + Level 12.6 Armour
 + Level 12.9 Dodging


You had 10 spell levels left.
You didn't know any spells.

Dungeon Overview and Level Annotations

Branches:
Dungeon (1/1)

Altars:
Cheibriados
Dithmenos
Elyvilon
Fedhas
Gozag
Hepliaklqana
Kikubaaqudgha
Makhleb
Nemelex Xobeh
Okawaru
Qazlal
Ru
Sif Muna
Trog
Uskayaw
Vehumet
Xom
Yredelemnul
Zin
The Shining One
Beogh
Jiyva
Lugonu

Shops:
D [(![*


Innate Abilities, Weirdness & Mutations

You have razor-sharp toenails.
You are partially covered in molten scales. (AC +2)
You are significantly more attuned to the shadows.
You are clumsy. (Dex -2)
Your muscles are strong. (Str +2)


Message History

You slash the orc high priest! You burn the orc high priest.
The orc high priest is severely wounded.
Unknown command.
Your ring mail prevents you from hitting the orc high priest.
The orc high priest is severely wounded.
The orc knight no longer looks unusually strong.
The orc high priest no longer looks unusually strong.
The orc knight roars a battlecry!
The orc high priest goes into a battle-frenzy!
The orc high priest utters an invocation to Beogh.
Unknown command.
You slash the orc high priest! You burn the orc high priest.
The orc high priest is almost dead.
The orc high priest no longer looks unusually strong.
The orc knight roars a battlecry!
The orcs go into a battle-frenzy!
The orc high priest invokes the aid of Beogh against you.
Beogh smites you!
You die...
Your body crumbles into a pile of gold.

▓.▓.▓.▓.▓$
▓[▓.▓[▓.▓
▓.▓.▓.▓.▓$
▓.▓.▓.▓.▓o▓
▓)▓.▓.▓.▓o▓
▓/▓.▓.▓.▓o▓
▓.▓.▓.▓.▓o▓
▓.▓.▓.▓.▓o▓
▓'▓.▓'▓.▓@▓
▓_▓.▓.▓.▓4▓
▓_▓.▓.▓.▓.▓
▓_▓.▓.▓.▓.▓
▓_▓.▓∩▓.▓.▓
▓.▓.▓.▓.▓.▓
▓_▓.▓.▓.▓[▓
▓_▓.▓.▓.▓[▓
▓_▓.▓.▓.▓[▓


You could see 2 orc knights, 3 orc high priests and an orange demon.

Vanquished Creatures
  A two-headed ogre (D)
  Urug (D)
  2 lindwurms (D)
  An orc sorcerer (D)
  3 orc knights (D)
  2 black mambas (D)
  Joseph (D)
  2 spiny frogs (D)
  2 gargoyles (D)
  3 tyrant leeches (D)
  A hippogriff (D)
  A blink frog (D)
  A wyvern (D)
  A yak (D)
  A basilisk (D)
  2 porcupines (D)
  2 water moccasins (D)
  6 orc warriors (D)
  A black bear (D)
  A wolf (D)
  2 ogres (D)
  A crocodile (D)
  A centaur (D)
  2 bullfrogs (D)
  5 orc priests (D)
  A hound (D)
  4 orc wizards (D)
  An adder (D)
  A shadow imp (D)
  An adder zombie (D)
  3 worms (D)
  A leopard gecko (D)
  10 orcs (D)
  A bat (D)
  2 giant cockroaches (D)
  A goblin (D)
  A hobgoblin (D)
  A rat (D)
74 creatures vanquished.

Vanquished Creatures (others)
  An orc wizard (D)
  An adder (D)
2 creatures vanquished.

Grand Total: 76 creatures vanquished

Notes
Turn   | Place    | Note
-------+----------+-------------------------------------------
     0 | D        | potatolord6000 the Demonspawn Gladiator began the quest for the Orb.
     0 | D        | Reached XP level 1. HP: 16/16 MP: 1/1
    14 | D        | Reached skill level 1 in Armour
   202 | D        | Noticed a hound
   202 | D        | Noticed an ogre
   210 | D        | Gained mutation: You are slightly more attuned to the shadows. [demonic ancestry]
   210 | D        | Reached XP level 2. HP: 16/23 MP: 2/2
   222 | D        | Killed an ogre
   222 | D        | Reached skill level 4 in Fighting
   222 | D        | Reached XP level 3. HP: 26/31 MP: 3/3
   222 | D        | Reached XP level 4. HP: 31/38 MP: 4/4
   230 | D        | Reached skill level 5 in Long Blades
   230 | D        | Reached skill level 5 in Dodging
   236 | D        | Found a roughly hewn altar of Beogh.
   236 | D        | Found a snail-covered altar of Cheibriados.
   236 | D        | Found a shadowy altar of Dithmenos.
   236 | D        | Found a white marble altar of Elyvilon.
   236 | D        | Found a blossoming altar of Fedhas.
   237 | D        | Found an opulent altar of Gozag.
   238 | D        | Found a hazy altar of Hepliaklqana.
   239 | D        | Found a viscous altar of Jiyva.
   240 | D        | Found an ancient bone altar of Kikubaaqudgha.
   241 | D        | Found a corrupted altar of Lugonu.
   242 | D        | Found a burning altar of Makhleb.
   243 | D        | Found a sparkling altar of Nemelex Xobeh.
   244 | D        | Became a worshipper of Gozag Ym Sagoz the Greedy
   245 | D        | Found an iron altar of Okawaru.
   246 | D        | Found a stormy altar of Qazlal.
   247 | D        | Found a sacrificial altar of Ru.
   248 | D        | Found a deep blue altar of Sif Muna.
   249 | D        | Found a bloodstained altar of Trog.
   250 | D        | Found a hide-covered altar of Uskayaw.
   251 | D        | Found a radiant altar of Vehumet.
   253 | D        | Found a shimmering altar of Xom.
   254 | D        | Found a basalt altar of Yredelemnul.
   255 | D        | Found a glowing silver altar of Zin.
   256 | D        | Found a glowing golden altar of the Shining One.
   308 | D        | Noticed a gargoyle
   308 | D        | Noticed a gargoyle
   329 | D        | Killed a gargoyle
   329 | D        | Reached skill level 7 in Fighting
   329 | D        | Gained mutation: You are significantly more attuned to the shadows. [demonic ancestry]
   329 | D        | Reached XP level 5. HP: 48/48 MP: 5/5
   329 | D        | Gained mutation: You have sharp toenails. [demonic ancestry]
   329 | D        | Reached XP level 6. HP: 55/55 MP: 6/6
   333 | D        | Killed a gargoyle
   333 | D        | Reached skill level 8 in Fighting
   333 | D        | Reached XP level 7. HP: 55/62 MP: 7/7
   449 | D        | Noticed a two-headed ogre
   460 | D        | Killed a two-headed ogre
   460 | D        | Reached skill level 9 in Fighting
   460 | D        | Gained mutation: You have razor-sharp toenails. [demonic ancestry]
   460 | D        | Reached XP level 8. HP: 51/72 MP: 8/8
   617 | D        | Gained mutation: Your body sometimes deteriorates upon taking damage. [potion of mutation]
   617 | D        | Gained mutation: You are clumsy. (Dex -2) [potion of mutation]
   617 | D        | Lost mutation: Your body sometimes deteriorates upon taking damage. [potion of mutation]
   617 | D        | Gained mutation: Your muscles are strong. (Str +2) [potion of mutation]
   627 | D        | Noticed a hippogriff
   628 | D        | Noticed a spiny frog
   630 | D        | Reached skill level 10 in Fighting
   634 | D        | Noticed a black mamba
   649 | D        | Killed a hippogriff
   649 | D        | Gained mutation: You are partially covered in molten scales. (AC +2) [demonic ancestry]
   649 | D        | Reached XP level 9. HP: 40/79 MP: 9/9
   655 | D        | Killed a spiny frog
   655 | D        | Reached skill level 10 in Long Blades
   655 | D        | Reached skill level 10 in Dodging
   667 | D        | Killed a black mamba
   667 | D        | Reached skill level 11 in Fighting
   667 | D        | Reached skill level 10 in Armour
   903 | D        | Bought a faintly glowing long sword for 212 gold pieces
   903 | D        | Bought an ichor-stained long sword for 212 gold pieces
   903 | D        | Identified the cursed +1 long sword of Sybihom {freeze, Str-5 Int+3 Dex+4} (You bought it in a shop in the Dungeon)
   905 | D        | Identified the +11 long sword "Tydantetut" {flame, rElec rF+} (You bought it in a shop in the Dungeon)
   913 | D        | Noticed a spiny frog
   914 | D        | Noticed a black mamba
   916 | D        | Killed a spiny frog
   932 | D        | Killed a black mamba
   934 | D        | Reached XP level 10. HP: 64/89 MP: 10/10
   956 | D        | Reached skill level 12 in Fighting
   972 | D        | Bought a faintly humming helmet for 323 gold pieces
   972 | D        | Bought a pair of crude gloves for 323 gold pieces
   975 | D        | Noticed a lindwurm
   983 | D        | Killed a lindwurm
  1010 | D        | Noticed a lindwurm
  1020 | D        | Killed a lindwurm
  1076 | D        | Identified the +1 helmet "Hipias" {rF++ MR+ Dex-4 Slay+2} (You bought it in a shop in the Dungeon)
  1081 | D        | Identified the +2 pair of gloves of Qazlal {-Tele rN++} (You bought it in a shop in the Dungeon)
  1410 | D        | Noticed Joseph
  1411 | D        | Noticed Urug
  1420 | D        | Killed Joseph
  1428 | D        | Killed Urug
  1428 | D        | Reached skill level 13 in Fighting
  1771 | D        | Noticed an orc knight
  1782 | D        | Noticed an orc knight
  1788 | D        | Killed an orc knight
  1789 | D        | Reached XP level 11. HP: 56/98 MP: 11/11
  1796 | D        | Killed an orc knight
  1810 | D        | Noticed an orc sorcerer
  1821 | D        | Killed an orc sorcerer
  2150 | D        | Noticed an orc high priest
  2150 | D        | Noticed an orc high priest
  2150 | D        | Noticed an orc high priest
  2150 | D        | Noticed an orc knight
  2151 | D        | Noticed an orc knight
  2164 | D        | Killed an orc knight
  2165 | D        | Found Kishrih's Distillery.
  2165 | D        | Noticed an orc knight
  2169 | D        | Killed from afar by an orc high priest

Skill      XL: |  1  2  3  4  5  6  7  8  9 10 |
---------------+-------------------------------+-----
Long Blades    | 3 4 7 8 9 11 12 | 12.9
Armour         | 1 3 6 7 8 9 10 12 | 12.6
Dodging        | 3 4 7 8 9 11 12 | 12.9
Fighting       | 4 7 8 9 10 11 13 | 13.7
Throwing       | |  1.7

Action                   |  1- 3 |  4- 6 |  7- 9 | 10-12 || total
-------------------------+-------+-------+-------+-------++-------
Melee: Long sword        |    34 |    28 |    99 |   149 ||   310
Invok: Potion Petition   |       |       |     1 |     2 ||     3
       Call Merchant     |       |       |     1 |     3 ||     4
  Use: Potion            |     2 |     3 |     3 |     7 ||    15
       Scroll            |       |       |     9 |     1 ||    10
 Stab: Invisible         |       |     4 |       |       ||     4
       Distracted        |       |       |     1 |     1 ||     2
  Eat: Meat ration       |       |       |       |     1 ||     1
       Bread ration      |       |       |       |     1 ||     1
Armor: Leather armour    |     3 |     1 |       |       ||     4
       Ring mail         |       |       |    21 |    30 ||    51
Dodge: Dodged            |    22 |    19 |    73 |    57 ||   171
       Rpst.: Long sword |     7 |     7 |    27 |    13 ||    54
